 Dungeon Crawl Stone Soup version 0.27-a0-263-gc8dee61f84 (webtiles) character file.

Game seed: 9658848997506656881

1763 greenwhat the Chopper (level 8, 0/79 HPs)
             Began as a Troll Berserker on Feb 5, 2021.
             Was an Elder of Trog.
             Slain by an orc warrior
             ... wielding a +0 war axe
              (18 damage)
             ... on level 7 of the Dungeon.
             The game lasted 00:41:34 (5795 turns).

greenwhat the Chopper (Troll Berserker)             Turns: 5795, Time: 00:41:34

Health: 0/79       AC:  9    Str: 33    XL:     8   Next: 79%
Magic:  7/7        EV: 11    Int:  4    God:    Trog [****..]
Gold:   384        SH:  0    Dex:  9    Spells: 7/7 levels left

rFire    . . .     SeeInvis .   q - +0 war axe
rCold    + . .     Faith    .   (no shield)
rNeg     . . .     Spirit   .   a - +0 animal skin
rPois    +         Reflect  .   (helmet restricted)
rElec    .         Harm     .   x - +2 cloak {rPois}
rCorr    .         Rampage  .   (gloves unavailable)
Will     .....                  (boots unavailable)
Stlth    +.........             (no amulet)
HPRegen  0.63/turn              h - +6 ring of strength
MPRegen  0.10/turn              H - ring of protection from cold

@: no status effects
A: large, unfitting armour, claws 3, regeneration 1, shaggy fur 1, tough skin 3
a: Renounce Religion, Berserk, Trog's Hand, Brothers in Arms


You were on level 7 of the Dungeon.
You worshipped Trog.
Trog was greatly pleased with you.
You visited 2 branches of the dungeon, and saw 8 of its levels.
You also visited: Sewer.

You collected 384 gold pieces.

Inventory:

Hand Weapons
 k - a +0 hand axe
 l - a +0 spear
 q - a +0 war axe (weapon)
 r - a +0 dagger
 u - a +0 quarterstaff
 K - a +5 whip of venom
 L - a +0 trident
 M - a +0 flail
 N - a +0 vorpal spear
 S - a +0 morningstar
 U - a +0 shortbow
 V - a +0 vorpal flail
Missiles
 b - 172 arrows
 d - 20 poisoned darts (quivered)
 n - 68 sling bullets
 I - 51 bolts
 T - 2 boomerangs
 X - 8 large rocks
Armour
 a - a +0 animal skin (worn)
 p - a +0 cloak
 s - a +0 robe
 t - a +0 robe
 x - a +2 cloak of poison resistance (worn)
 z - a +0 ring mail
 A - a +0 leather armour
 B - a +0 kite shield
 C - a +0 ring mail
 D - a +0 robe
 E - a +0 cloak
 G - a +1 pair of boots
 W - a +2 chain mail of willpower
 Z - a +0 scale mail
Jewellery
 e - a -4 ring of dexterity
 h - a +6 ring of strength (left claw)
 y - an uncursed ring of positive energy
 H - a ring of protection from cold (right claw)
Wands
 v - a wand of charming (4)
 Y - a wand of mindburst (15)
Scrolls
 c - 3 scrolls of teleportation
 g - 3 scrolls of identify
 o - a scroll of remove curse
 w - a scroll of fear
 F - a scroll of immolation {unknown}
 J - 2 scrolls of random uselessness {unknown}
 Q - a scroll of enchant armour {unknown}
Potions
 f - 2 potions of curing
 i - a potion of degeneration
 j - 2 potions of lignification
 m - 2 potions of might
 O - a potion of heal wounds
 P - 2 potions of flight
 R - a potion of cancellation


   Skills:
 + Level 4.6 Fighting
 + Level 6.1 Axes
 + Level 0.7 Throwing
 + Level 5.2 Dodging
 + Level 1.1 Stealth
 + Level 4.5 Unarmed Combat


You had 7 spell levels left.
You didn't know any spells.
Your spell library contained the following spells:

 Spells                   Type           Power        Failure   Level
 Animate Skeleton         Necr           0%           50%         1
 Apportation              Tloc           0%           50%         1
 Corona                   Hex            0%           50%         1
 Summon Small Mammal      Summ           0%           50%         1


Dungeon Overview and Level Annotations

Branches:
Dungeon (7/15)             Temple (1/1) D:4           Sewer (visited)

Altars:
Ashenzari
Cheibriados
Dithmenos
Fedhas
Gozag
Hepliaklqana
Kikubaaqudgha
Makhleb
Okawaru
Qazlal
Ru
Sif Muna
Uskayaw
Vehumet
Wu Jian
Xom
Yredelemnul
Zin


Innate Abilities, Weirdness & Mutations

You are too large for most types of armour.
You have claws for hands.
Your natural rate of healing is unusually fast.
You are covered in fur. (AC +1)
You have extremely tough skin. (AC +3)


Message History

The orc warrior hits you with a +0 war axe!
The yak gores you but does no damage.
You hit the yak but do no damage.
The yak is lightly wounded.
You hit the orc warrior but do no damage.
The yak gores you. The orc warrior misses you.
You slash the yak!
The yak is heavily wounded.
You barely miss the orc warrior. The yak gores you!
The orc warrior hits you with a +0 war axe!
You hit the yak.
The yak is heavily wounded.
You barely miss the orc warrior. The yak closely misses you.
The orc warrior hits you with a +0 war axe!!
* * * LOW HITPOINT WARNING * * *
You closely miss the yak.
The yak is heavily wounded.
You closely miss the orc warrior. The yak barely misses you.
The orc warrior hits you with a +0 war axe!!
You die...

..##)†###...#....
###...........
###.....#..##..#
###....[.... #
###......#...#+# ##....###.
#######...##..##/## #
###..# #.
......###.'...#$(/ .# #..#
#. ......# ###..###(# .#
###>###. ......# #.....###
..# #....... ......#
####.^...#..# #.......
......###.####..@Yh.#
+.......
.............###.o.##.#
#.......
####...........###.##.#
#.....). #......####.#
###)# ###+#### #.#.##.# #.#
#.# #.# #.#.##.# #.# #.#
#.# #......# #.# #.# #.#
#.#.##.####.######.######.#
#.#.##....................#


You could see a yak, an orc warrior and a jackal.

Vanquished Creatures
  Edmund (D:6)
  A sky beast (D:7)
  3 centaurs
  3 phantoms
  A big kobold (Sewer)
  A bullfrog (D:7)
  2 scorpions
  2 howler monkeys (D:4)
  2 jellies (D:7)
  3 centaur skeletons
  An orc priest (D:4)
  A bullfrog skeleton (D:7)
  3 hounds
  Jessica (D:2)
  3 orc wizards
  5 worker ants
  6 gnolls
  6 adders
  2 river rats
  A white imp (D:6)
  2 oozes
  An adder skeleton (D:4)
  4 worms
  2 leopard geckos (D:2)
  20 orcs
  3 giant cockroaches
  3 goblins
  6 hobgoblins
  2 jackals (Sewer)
  4 quokkas
  4 ball pythons
  9 bats
  9 frilled lizards
  10 kobolds
  A quokka zombie (D:7)
  12 rats
140 creatures vanquished.

Vanquished Creatures (others)
  2 plants (D:3)
2 creatures vanquished.

Grand Total: 142 creatures vanquished

Notes
Turn   | Place    | Note
-------+----------+-------------------------------------------
     0 | D:1      | greenwhat the Troll Berserker began the quest for the Orb.
     0 | D:1      | Reached XP level 1. HP: 22/22 MP: 0/0
   107 | D:1      | Reached XP level 2. HP: 27/29 MP: 1/1
   419 | D:1      | Reached ** piety under Trog
   571 | D:1      | Reached XP level 3. HP: 36/36 MP: 2/2
   892 | D:2      | Reached XP level 4. HP: 44/44 MP: 3/3
   915 | D:2      | Noticed Jessica
   926 | D:2      | Killed Jessica
  1553 | D:3      | Found a stormy altar of Qazlal.
  1663 | D:4      | Reached *** piety under Trog
  1664 | D:4      | Reached XP level 5. HP: 45/53 MP: 4/4
  2069 | D:4      | Reached skill level 1 in Axes
  2163 | D:4      | Reached XP level 6. HP: 61/61 MP: 5/5
  2168 | D:4      | Found a staircase to the Ecumenical Temple.
  2234 | Temple   | Entered the Ecumenical Temple
  2589 | D:4      | Reached skill level 2 in Axes
  2915 | D:4      | Found a broken altar of Ashenzari.
  2919 | D:4      | Saw a vision of the Shoals and the Spider Nest.
  2919 | D:4      | Noticed a redback
  2919 | D:4      | Noticed a merfolk
  2919 | D:4      | Noticed a merfolk
  2919 | D:4      | Noticed a wolf spider
  2919 | D:4      | Noticed a wind drake
  2919 | D:4      | Noticed a merfolk siren
  2919 | D:4      | Noticed a merfolk
  2919 | D:4      | Noticed a redback
  2919 | D:4      | Noticed a redback
  2919 | D:4      | Noticed a merfolk
  2919 | D:4      | Noticed a merfolk
  2919 | D:4      | Noticed a merfolk
  2919 | D:4      | Noticed a wind drake
  2920 | D:4      | Noticed a wolf spider
  2921 | D:4      | Noticed a redback
  2995 | D:4      | Found a basalt altar of Yredelemnul.
  3230 | D:5      | Entered Level 5 of the Dungeon
  3394 | D:5      | Found a glowing drain.
  3420 | Sewer    | Entered a sewer
  3492 | Sewer    | Reached XP level 7. HP: 67/67 MP: 6/6
  3500 | Sewer    | Reached skill level 3 in Axes
  3528 | Sewer    | Found a white marble altar of Elyvilon.
  4086 | D:6      | Reached **** piety under Trog
  4137 | D:6      | Reached skill level 4 in Axes
  4286 | D:6      | Noticed Edmund
  4307 | D:6      | Killed Edmund
  4308 | D:6      | Reached XP level 8. HP: 55/78 MP: 7/7
  4497 | D:6      | Reached skill level 5 in Axes
  4913 | D:7      | Found a sacrificial altar of Ru.
  5108 | D:7      | Reached skill level 5 in Dodging
  5479 | D:7      | Found a blossoming altar of Fedhas.
  5495 | D:7      | Found an iron altar of Okawaru.
  5694 | D:7      | Reached skill level 1 in Stealth
  5700 | D:7      | Reached skill level 6 in Axes
  5795 | D:7      | Slain by an orc warrior

Illustrated notes

Levels and vault maps discovered:
D:1:      mrwooster_arrival_statue, layout_loops_ring, hex_large,
          hangedman_abyss_or_decor_stabs, minmay_lizard_pond
D:2:      layout_basic, general_overflow_altar, uniq_terence,
          uniq_crazy_yiuf_cottage, uniq_jessica
D:3:      corexii_shack_village, layout_basic, lemuel_coloured_pillars_altar
D:4:      layout_basic, kennysheep_ying_yang, minmay_temple_entry_grid,
          grunt_ashenzari_visionary [grunt_ashenzari_visionary_shoals,
          grunt_ashenzari_visionary_spider]
D:5:      layout_basic, portal_sewer_entry_a
D:6:      layout_layer_cave, kennysheep_generic_room_10, uniq_edmund
D:7:      minmay_slanted_spiral_squares, layout_basic,
          nicolae_overflow_crystal_walls, amethyst_overflow_temple_binary
Temple:   nicolae_temple_god_jail

Skill      XL: |  1  2  3  4  5  6  7  8 |
---------------+-------------------------+-----
Dodging        | 3 4 5 |  5.2
Fighting       | 3 4 |  4.6
Unarmed Combat | 4 |  4.5
Axes           | 1 2 4 6 |  6.1
Stealth        | 1 |  1.1
Throwing       | |  0.7

Action                   |  1- 3 |  4- 6 |  7- 9 || total
-------------------------+-------+-------+-------++-------
Melee: Unarmed           |   130 |    18 |       ||   148
       War axe           |       |   152 |   213 ||   365
       Punch             |       |     3 |     4 ||     7
Throw: Dart              |       |       |     1 ||     1
Invok: Berserk           |       |     1 |       ||     1
  Use: Potion            |     2 |     5 |     1 ||     8
       Scroll            |       |     2 |     8 ||    10
 Stab: Sleeping          |       |     1 |       ||     1
Armor: Animal skin       |    65 |   105 |   106 ||   276
Dodge: Dodged            |    93 |   114 |   135 ||   342

Table legend: (Time is in decaauts)
 A = Elapsed time spent in this place.
 B = Non-inter-level travel time spent in this place.
 C = Inter-level travel time spent in this place.
 D = Time resting spent in this place.
 E = Time spent auto-exploring this place.
 F = Levels seen in this place.
 G = Mean time per level.
                   A        B        C        D        E       F      G
               +--------+--------+--------+--------+--------+-----+--------+
         Total |   5944 |   5944 |      0 |    366 |      0 |   9 |  660.4 |
       Dungeon |   5440 |   5440 |      0 |    366 |      0 |   7 |  777.1 |
        Temple |    304 |    304 |      0 |      0 |      0 |   1 |  304.0 |
         Sewer |    199 |    199 |      0 |      0 |      0 |   1 |  199.0 |
               +--------+--------+--------+--------+--------+-----+--------+

Top non-repeatable levels by time:
     D:4: 1317 daAuts
     D:7: 1068 daAuts
     D:5: 709 daAuts
     D:6: 697 daAuts
     D:1: 655 daAuts
     D:3: 592 daAuts
     D:2: 400 daAuts
  Temple: 304 daAuts
   Sewer: 199 daAuts
